 Dungeon Crawl Stone Soup version 0.23.1 (webtiles) character file.

Game seed: 11244611171241237313

116 misha the Cudgeler (level 4, -1/41 HPs)
             Began as a Minotaur Berserker on Mar 16, 2019.
             Was a Believer of Trog.
             Slain by an orc wizard
             ... wielding a +0 dagger of freezing
              (3 damage)
             ... on level 3 of the Dungeon.
             The game lasted 00:04:28 (1780 turns).

misha the Cudgeler (Minotaur Berserker)             Turns: 1780, Time: 00:04:29

Health: -1/41      AC:  2    Str: 22    XL:     4   Next: 69%
Magic:  3/3        EV: 12    Int:  4    God:    Trog [**....]
Gold:   116        SH:  0    Dex: 10    Spells: 3/3 levels left

rFire    . . .     SeeInvis .   a - +0 mace
rCold    . . .     Gourm    .   (no shield)
rNeg     . . .     Faith    .   b - +0 animal skin
rPois    .         Spirit   .   (helmet restricted)
rElec    .         Reflect  .   (no cloak)
rCorr    .         Harm     .   (no gloves)
MR       .....                  (no boots)
Stlth    +.........             (no amulet)
HPRegen  0.13/turn              (no ring)
MPRegen  0.08/turn              (no ring)

@: no status effects
A: retaliatory headbutt, horns 2
a: Berserk, Trog's Hand, Renounce Religion


You were on level 3 of the Dungeon.
You worshipped Trog.
Trog was pleased with you.
You were near starving.

You visited 1 branch of the dungeon, and saw 3 of its levels.

You collected 116 gold pieces.

Inventory:

Hand Weapons
 a - a +0 mace (weapon)
Missiles
 p - a throwing net (quivered)
 q - 4 tomahawks
Armour
 b - a +0 animal skin (worn)
Scrolls
 d - 2 scrolls of amnesia {unknown}
 g - a scroll of teleportation {unknown}
 j - a scroll of blinking {unknown}
 l - a scroll of enchant weapon {unknown}
 m - a scroll of noise {unknown}
 n - 2 scrolls of remove curse {unknown}
 r - a scroll of fog {unknown}
 s - a scroll of identify {unknown}
Potions
 e - a potion of degeneration {unknown}
 f - a potion of flight {unknown}
 h - a potion of mutation {unknown}
 i - a potion of lignification {unknown}
 k - 2 potions of curing
 o - a potion of haste {unknown}
Comestibles
 c - 4 rations


   Skills:
 + Level 4.7 Fighting
 * Level 5.0 Maces & Flails
 - Level 2.7 Armour
 - Level 3.0 Dodging
 - Level 0.8 Stealth


You had 3 spell levels left.
You didn't know any spells.
Your spell library was empty.

Dungeon Overview and Level Annotations

Branches:
Dungeon (3/15)

Altars:


Innate Abilities, Weirdness & Mutations

You reflexively headbutt those who attack you in melee.
You have a pair of horns on your head.


Message History

You are confused.
You bump into the rock wall.
Unknown command.
You bump into the rock wall.
Something hits you. Something freezes you.
You bump into the rock wall.
The orc wizard gestures at you while chanting.
The magic dart hits something.
Something hits you. Something freezes you.
You miss something.
You hear some strange, mumbled words.
A magic dart appears from out of thin air!
The magic dart hits you!
* * * LOW HITPOINT WARNING * * *
You bump into the rock wall.
You feel less confused. Something hits you.
* * * LOW HITPOINT WARNING * * *
Something freezes you.
* * * LOW HITPOINT WARNING * * *
You miss something. Your headbutt misses something. Something hits you.
You die...

### ##### ### #..
...#####.##### #.#
#####.##........# #.#
#...............####.#
#.###.##.#............
#. #@##.##.....####.#
#.##.###{##.##.#.#.#
#.#
#...o..)o##........#
#.#
####.#########+#####
#.. #. ##...## ### ..
##.....## ## .o.
##.......## ##. #...
#.........####.. #oo.
+.........'.....


You could see an orc wizard.

Vanquished Creatures
  An orc priest (D:3)
  Terence (D:2)
  An adder (D:3)
  2 dart slugs
  2 leopard geckos
  An orc (D:3)
  A giant cockroach (D:1)
  5 hobgoblins
  4 jackals (D:1)
  2 quokkas (D:3)
  4 bats
  2 frilled lizards (D:2)
  10 goblins
  6 kobolds
  3 rats
45 creatures vanquished.

Notes
Turn   | Place    | Note
-------+----------+-------------------------------------------
     0 | D:1      | misha the Minotaur Berserker began the quest for the Orb.
     0 | D:1      | Reached XP level 1. HP: 19/19 MP: 0/0
   105 | D:1      | Reached XP level 2. HP: 22/27 MP: 1/1
   109 | D:1      | Reached skill level 4 in Maces & Flails
   452 | D:1      | Reached ** piety under Trog
   452 | D:1      | Reached XP level 3. HP: 28/33 MP: 2/2
   583 | D:1      | You fall through a shaft!
  1027 | D:2      | Noticed Terence
  1040 | D:2      | Killed Terence
  1040 | D:2      | Reached XP level 4. HP: 32/41 MP: 3/3
  1771 | D:3      | Reached skill level 5 in Maces & Flails
  1779 | D:3      | HP: 2/41 [something (1)]
  1780 | D:3      | Slain by an orc wizard

Skill      XL: |  1  2  3  4 |
---------------+-------------+-----
Fighting       | 4 |  4.7
Maces & Flails | 4 5 |  5.0
Dodging        | 3 |  3.0
Armour         | |  2.7
Stealth        | |  0.8

Action                   |  1- 3 |  4- 6 || total
-------------------------+-------+-------++-------
Melee: Mace              |    63 |    33 ||    96
       Headbutt          |     9 |     5 ||    14
 Stab: Sleeping          |     1 |       ||     1
  Eat: Chunk             |       |     1 ||     1
Armor: Animal skin       |    13 |     1 ||    14
Dodge: Dodged            |    47 |    17 ||    64
